[ PARTIDA AOE2 · #507842385 ]
UnrankedMaya vs Sicilians
Equipo del jugador · DERR
[ ANÁLISIS DE REPETICIÓN · EXTRAÍDO DE LA PARTIDA GRABADA ]
Feudal
12:43
Castillos
26:45
Imperial
—
| APM promedio | 55.7 |
| APM pico | 87 |
| eAPM promedio | 30.1 |
| Aldeanos / militares | 125 / 67 |
Foco
⚔️ 39.0% · 🌾 61.0%
Archer ×45 · Mangonel ×12 · Militia ×5 · Spearman ×3 · Plumed Archer ×2
Feudal
9:27
Castillos
26:38
Imperial
40:37
| APM promedio | 55.0 |
| APM pico | 99 |
| eAPM promedio | 27.0 |
| Aldeanos / militares | 168 / 98 |
Foco
⚔️ 28.9% · 🌾 71.1%
Knight ×63 · Archer ×19 · Serjeant ×12 · Trebuchet (Packed) ×3 · Mangonel ×1
Mapa de la partida
Recursos iniciales + cada clic de construcción. Líneas = muros · curvas = relieve. ◆ oro · ⬟ piedra · ● bayas · ✦ reliquia · ◌ hueco del cierre
Tu base· ✓ Cerrada en 26:45 · 48t muro · frágil
Base de Don't Worry Be Happy· ✓ Cerrada en 26:38 · 18t muro · frágil
Terreno inicial suavizado · ◌ = hueco del cierre detectado · pasá el cursor para detalles
Inputs por minuto
— Edux_ - - Don't Worry Be Happy
Build order — Edux_
Primeras 150 de 329 acciones detectadas
| 0:00 | Investigar | Loom |
| 0:02 | Construir | House |
| 0:03 | Construir | House |
| 0:06 | Encolar | Villager (Male) |
| 0:24 | Encolar | Villager (Male) |
| 0:26 | Encolar | Villager (Male) |
| 1:25 | Encolar | Villager (Male) |
| 1:50 | Construir | Lumber Camp |
| 1:57 | Encolar | Villager (Male) |
| 2:16 | Encolar | Villager (Male) |
| 2:49 | Encolar | Villager (Male) |
| 3:30 | Encolar | Villager (Male) |
| 3:37 | Encolar | Villager (Male) |
| 4:21 | Encolar | Villager (Male) |
| 4:42 | Encolar | Villager (Male) |
| 4:57 | Construir | Barracks |
| 5:03 | Encolar | Villager (Male) |
| 5:10 | Construir | House |
| 5:29 | Encolar | Villager (Male) |
| 5:48 | Encolar | Villager (Male) |
| 5:52 | Construir | House |
| 6:09 | Encolar | Militia |
| 6:09 | Encolar | Militia |
| 6:09 | Encolar | Militia |
| 6:09 | Encolar | Militia |
| 6:14 | Construir | House |
| 6:15 | Construir | Palisade Wall |
| 6:28 | Construir | Palisade Wall |
| 6:29 | Construir | Palisade Wall |
| 6:33 | Construir | Palisade Wall |
| 6:34 | Construir | Palisade Wall |
| 6:41 | Encolar | Militia |
| 6:46 | Encolar | Villager (Male) |
| 6:58 | Encolar | Villager (Male) |
| 7:20 | Construir | Palisade Wall |
| 7:46 | Construir | Mill |
| 7:46 | Encolar | Villager (Male) |
| 8:14 | Construir | Palisade Wall |
| 8:15 | Construir | Palisade Wall |
| 8:20 | Encolar | Villager (Male) |
| 8:36 | Encolar | Villager (Male) |
| 8:47 | Encolar | Villager (Male) |
| 8:55 | Construir | Palisade Wall |
| 9:37 | Encolar | Villager (Male) |
| 10:07 | Construir | House |
| 10:33 | Investigar | Feudal Age |
| 10:37 | Construir | House |
| 11:02 | Construir | Mining Camp |
| 11:11 | Construir | House |
| 11:34 | Encolar | Villager (Male) |
| 12:27 | Construir | House |
| 12:30 | Construir | House |
| 12:37 | Construir | House |
| 12:43 | Edad | Edad Feudal |
| 12:45 | Construir | Watch Tower |
| 12:49 | Construir | Archery Range |
| 12:50 | Encolar | Villager (Male) |
| 12:54 | Construir | Palisade Wall |
| 12:57 | Construir | Palisade Wall |
| 13:15 | Encolar | Villager (Male) |
| 13:16 | Encolar | Villager (Male) |
| 13:40 | Encolar | Archer |
| 13:40 | Encolar | Archer |
| 13:40 | Encolar | Archer |
| 13:42 | Encolar | Villager (Male) |
| 13:44 | Construir | Farm |
| 13:47 | Construir | Farm |
| 13:47 | Construir | Farm |
| 14:04 | Construir | House |
| 14:22 | Encolar | Villager (Male) |
| 14:49 | Construir | Farm |
| 14:49 | Encolar | Villager (Male) |
| 15:00 | Encolar | Villager (Male) |
| 15:21 | Encolar | Villager (Male) |
| 15:23 | Construir | Blacksmith |
| 15:35 | Encolar | Villager (Male) |
| 15:49 | Construir | House |
| 16:00 | Encolar | Villager (Male) |
| 16:12 | Construir | Palisade Wall |
| 16:31 | Encolar | Archer |
| 16:32 | Encolar | Archer |
| 16:44 | Construir | House |
| 16:59 | Encolar | Villager (Male) |
| 17:02 | Construir | Farm |
| 17:03 | Construir | Farm |
| 17:42 | Encolar | Archer |
| 17:42 | Encolar | Archer |
| 17:50 | Encolar | Villager (Male) |
| 17:57 | Encolar | Villager (Male) |
| 18:16 | Construir | House |
| 18:17 | Encolar | Villager (Male) |
| 18:22 | Encolar | Archer |
| 18:22 | Encolar | Archer |
| 18:22 | Encolar | Archer |
| 18:36 | Encolar | Villager (Male) |
| 18:48 | Investigar | Fletching |
| 18:48 | Investigar | Fletching |
| 18:51 | Construir | Farm |
| 18:55 | Encolar | Villager (Male) |
| 19:02 | Encolar | Villager (Male) |
| 19:11 | Encolar | Villager (Male) |
| 19:13 | Construir | Farm |
| 19:21 | Construir | House |
| 19:39 | Construir | Farm |
| 19:39 | Construir | Farm |
| 19:40 | Encolar | Villager (Male) |
| 20:02 | Encolar | Villager (Male) |
| 20:05 | Construir | Farm |
| 20:06 | Construir | Farm |
| 20:16 | Construir | House |
| 20:41 | Construir | Farm |
| 20:41 | Encolar | Villager (Male) |
| 20:44 | Encolar | Archer |
| 20:50 | Encolar | Villager (Male) |
| 21:00 | Construir | House |
| 21:01 | Encolar | Villager (Male) |
| 21:18 | Encolar | Villager (Male) |
| 21:22 | Construir | House |
| 21:37 | Encolar | Villager (Male) |
| 21:52 | Encolar | Villager (Male) |
| 21:59 | Construir | House |
| 22:00 | Encolar | Archer |
| 22:08 | Construir | Market |
| 22:23 | Encolar | Villager (Male) |
| 22:27 | Encolar | Archer |
| 22:27 | Encolar | Archer |
| 22:43 | Construir | House |
| 22:45 | Construir | House |
| 22:46 | Encolar | Villager (Male) |
| 23:02 | Construir | House |
| 23:50 | Investigar | Castle Age |
| 23:50 | Investigar | Castle Age |
| 23:50 | Investigar | Castle Age |
| 24:13 | Investigar | Double-Bit Axe |
| 24:13 | Investigar | Gold Mining |
| 24:13 | Investigar | Gold Mining |
| 24:44 | Encolar | Archer |
| 24:45 | Encolar | Archer |
| 24:59 | Construir | House |
| 25:08 | Construir | House |
| 25:11 | Encolar | Archer |
| 25:11 | Encolar | Archer |
| 25:15 | Construir | Archery Range |
| 25:26 | Construir | Farm |
| 25:32 | Investigar | Gold Mining |
| 25:32 | Investigar | Gold Mining |
| 26:01 | Construir | House |
| 26:10 | Encolar | Archer |
| 26:10 | Encolar | Archer |
| 26:11 | Encolar | Archer |
Build order — Don't Worry Be Happy
Primeras 150 de 414 acciones detectadas
| 0:01 | Encolar | Villager (Male) |
| 0:02 | Construir | House |
| 0:05 | Construir | House |
| 0:31 | Encolar | Villager (Male) |
| 0:31 | Encolar | Villager (Male) |
| 0:38 | Encolar | Villager (Male) |
| 0:38 | Encolar | Villager (Male) |
| 1:29 | Encolar | Villager (Male) |
| 1:29 | Encolar | Villager (Male) |
| 1:54 | Encolar | Villager (Male) |
| 1:55 | Encolar | Villager (Male) |
| 2:04 | Construir | Lumber Camp |
| 2:30 | Encolar | Villager (Male) |
| 3:28 | Encolar | Villager (Male) |
| 3:28 | Encolar | Villager (Male) |
| 3:48 | Encolar | Villager (Male) |
| 3:49 | Encolar | Villager (Male) |
| 4:18 | Encolar | Villager (Male) |
| 4:35 | Construir | House |
| 5:06 | Encolar | Villager (Male) |
| 5:06 | Encolar | Villager (Male) |
| 5:21 | Encolar | Villager (Male) |
| 5:21 | Encolar | Villager (Male) |
| 5:41 | Encolar | Villager (Male) |
| 5:44 | Construir | Mill |
| 5:51 | Encolar | Villager (Male) |
| 6:03 | Encolar | Villager (Male) |
| 6:12 | Investigar | Loom |
| 7:17 | Investigar | Feudal Age |
| 7:46 | Encolar | Villager (Male) |
| 8:13 | Construir | Donjon |
| 8:22 | Encolar | Villager (Male) |
| 8:40 | Construir | Palisade Wall |
| 8:41 | Construir | Palisade Wall |
| 8:54 | Construir | Palisade Wall |
| 9:01 | Encolar | Villager (Male) |
| 9:09 | Construir | Mining Camp |
| 9:13 | Encolar | Villager (Male) |
| 9:19 | Construir | Mining Camp |
| 9:27 | Edad | Edad Feudal |
| 9:30 | Construir | Palisade Wall |
| 9:42 | Construir | Archery Range |
| 9:48 | Encolar | Serjeant |
| 9:48 | Encolar | Serjeant |
| 9:52 | Construir | House |
| 9:55 | Construir | House |
| 9:59 | Encolar | Villager (Male) |
| 10:04 | Construir | Palisade Wall |
| 10:06 | Construir | Palisade Wall |
| 10:07 | Construir | Palisade Wall |
| 10:24 | Encolar | Serjeant |
| 10:27 | Construir | Mining Camp |
| 10:38 | Encolar | Archer |
| 11:03 | Encolar | Villager (Male) |
| 11:03 | Encolar | Villager (Male) |
| 11:10 | Encolar | Archer |
| 11:15 | Construir | House |
| 11:19 | Construir | House |
| 11:22 | Construir | House |
| 11:23 | Construir | House |
| 11:27 | Encolar | Villager (Male) |
| 11:27 | Encolar | Villager (Male) |
| 12:12 | Construir | Donjon |
| 12:28 | Encolar | Villager (Male) |
| 12:28 | Encolar | Villager (Male) |
| 12:31 | Construir | Farm |
| 12:31 | Construir | Farm |
| 12:31 | Construir | Farm |
| 12:55 | Construir | Donjon |
| 13:26 | Encolar | Archer |
| 13:26 | Encolar | Archer |
| 13:26 | Encolar | Archer |
| 14:03 | Encolar | Archer |
| 14:03 | Encolar | Archer |
| 14:09 | Encolar | Villager (Male) |
| 14:28 | Encolar | Serjeant |
| 14:28 | Encolar | Serjeant |
| 14:29 | Encolar | Serjeant |
| 14:38 | Construir | Farm |
| 14:40 | Investigar | Double-Bit Axe |
| 14:41 | Encolar | Villager (Male) |
| 14:41 | Encolar | Villager (Male) |
| 14:42 | Encolar | Villager (Male) |
| 15:28 | Encolar | Serjeant |
| 15:28 | Encolar | Serjeant |
| 15:30 | Construir | Farm |
| 15:31 | Construir | Farm |
| 16:03 | Encolar | Archer |
| 16:16 | Encolar | Villager (Male) |
| 16:22 | Encolar | Villager (Male) |
| 16:22 | Encolar | Villager (Male) |
| 16:22 | Encolar | Villager (Male) |
| 16:24 | Construir | Farm |
| 16:25 | Construir | Farm |
| 16:47 | Construir | Farm |
| 16:48 | Encolar | Villager (Male) |
| 16:48 | Encolar | Villager (Male) |
| 17:11 | Construir | Farm |
| 17:12 | Encolar | Archer |
| 17:12 | Encolar | Archer |
| 17:34 | Encolar | Villager (Male) |
| 17:37 | Construir | Farm |
| 17:37 | Construir | Farm |
| 17:37 | Construir | Farm |
| 17:44 | Construir | Palisade Wall |
| 17:46 | Construir | Palisade Wall |
| 17:53 | Construir | Palisade Wall |
| 17:59 | Encolar | Villager (Male) |
| 18:05 | Encolar | Villager (Male) |
| 18:05 | Encolar | Villager (Male) |
| 18:06 | Encolar | Villager (Male) |
| 18:12 | Construir | Farm |
| 18:13 | Encolar | Villager (Male) |
| 18:14 | Encolar | Villager (Male) |
| 18:14 | Encolar | Villager (Male) |
| 18:18 | Construir | House |
| 18:25 | Encolar | Villager (Male) |
| 18:36 | Construir | Lumber Camp |
| 18:37 | Encolar | Villager (Male) |
| 18:37 | Encolar | Villager (Male) |
| 18:37 | Encolar | Villager (Male) |
| 18:42 | Encolar | Villager (Male) |
| 19:15 | Encolar | Serjeant |
| 19:15 | Encolar | Serjeant |
| 19:22 | Construir | Farm |
| 19:23 | Construir | Farm |
| 19:28 | Construir | Farm |
| 19:29 | Encolar | Villager (Male) |
| 19:29 | Encolar | Villager (Male) |
| 19:35 | Construir | House |
| 19:39 | Construir | Palisade Wall |
| 20:02 | Construir | Donjon |
| 20:05 | Encolar | Villager (Male) |
| 20:18 | Construir | Blacksmith |
| 20:21 | Construir | House |
| 20:22 | Construir | House |
| 20:26 | Construir | Farm |
| 20:27 | Encolar | Villager (Male) |
| 20:27 | Encolar | Villager (Male) |
| 20:27 | Encolar | Villager (Male) |
| 20:43 | Encolar | Villager (Male) |
| 20:53 | Encolar | Serjeant |
| 20:54 | Encolar | Serjeant |
| 21:15 | Encolar | Villager (Male) |
| 21:27 | Investigar | Fletching |
| 21:31 | Encolar | Archer |
| 21:31 | Encolar | Archer |
| 21:47 | Construir | Farm |
| 21:47 | Construir | Farm |
| 21:47 | Construir | Farm |
Cronología de la partida
| 4:57 | Edux_ · first_building Barracks |
| 6:15 | Edux_ · wall_segment Palisade Wall x5 |
| 6:28 | Edux_ · wall_segment Palisade Wall x5 |
| 6:29 | Edux_ · wall_segment Palisade Wall x4 |
| 6:33 | Edux_ · wall_segment Palisade Wall x5 |
| 6:34 | Edux_ · wall_segment Palisade Wall x4 |
| 7:20 | Edux_ · wall_segment Palisade Wall x6 |
| 8:13 | Don't Worry Be Happy · first_building Donjon |
| 8:14 | Edux_ · wall_segment Palisade Wall x4 |
| 8:15 | Edux_ · wall_segment Palisade Wall x7 |
| 8:40 | Don't Worry Be Happy · wall_segment Palisade Wall x1 |
| 8:41 | Don't Worry Be Happy · wall_segment Palisade Wall x1 |
| 8:54 | Don't Worry Be Happy · wall_segment Palisade Wall x1 |
| 8:55 | Edux_ · wall_segment Palisade Wall x6 |
| 9:27 | Don't Worry Be Happy · age_up feudal |
| 9:30 | Don't Worry Be Happy · wall_segment Palisade Wall x1 |
| 9:42 | Don't Worry Be Happy · first_building Archery Range |
| 10:04 | Don't Worry Be Happy · wall_segment Palisade Wall x1 |
| 10:06 | Don't Worry Be Happy · wall_segment Palisade Wall x1 |
| 10:07 | Don't Worry Be Happy · wall_segment Palisade Wall x1 |
| 12:43 | Edux_ · age_up feudal |
| 12:49 | Edux_ · first_building Archery Range |
| 12:54 | Edux_ · wall_segment Palisade Wall x1 |
| 12:57 | Edux_ · wall_segment Palisade Wall x1 |
| 16:12 | Edux_ · wall_segment Palisade Wall x1 |
| 17:44 | Don't Worry Be Happy · wall_segment Palisade Wall x3 |
| 17:46 | Don't Worry Be Happy · wall_segment Palisade Wall x1 |
| 17:53 | Don't Worry Be Happy · wall_segment Palisade Wall x4 |
| 19:39 | Don't Worry Be Happy · wall_segment Palisade Wall x1 |
| 23:32 | Edux_ · first_market_sell 100 wood |
| 23:33 | Edux_ · first_market_buy 100 food |
| 23:41 | Don't Worry Be Happy · first_building Stable |
| 25:37 | Don't Worry Be Happy · wall_segment Palisade Wall x2 |
| 26:38 | Don't Worry Be Happy · age_up castle |
| 26:45 | Edux_ · age_up castle |
| 26:49 | Edux_ · first_building Siege Workshop |
| 31:45 | Don't Worry Be Happy · first_building Siege Workshop |
| 34:21 | Edux_ · first_building Castle |
| 35:16 | Don't Worry Be Happy · first_building Castle |
| 40:37 | Don't Worry Be Happy · age_up imperial |
| 43:30 | Edux_ · resign |
[ ANÁLISIS IA · 1 CRÉDITO ]
¿Qué pasó realmente en esta partida?
Wolo.gg analiza cada decisión: build order, eco, micro, errores típicos por bracket. Análisis personalizado por WhatsApp o Discord en 30 segundos.
Guía civ
Maya
Perfil
Jugador #2550312